Map: Dusk Towers

Players

Nerchio - Winner!

  • Race: Zerg Zerg
  • League: Grandmaster

LiquidBunny (Bunny)

  • Race: Terran Terran
  • League: Grandmaster

Event: DreamHack ROCCAT LotV Championship

VOD

Have the link to the VOD?

Description

Time

  • Played on: Nov. 26, 2015, 3:16 p.m.
  • Length: 15:27

All games in this series

Show
View Real Time Build Order
Export as new Build Order

Nerchio Zerg - Winner!

Build Orders: Hatch First 

Get SALT Encoding   

  12  0:00  Drone  
  13  0:12  Overlord  
  13  0:17  Drone  
  14  0:30  Drone x2  
  14  0:34  Drone  
  17  0:52  Hatchery  
  17  0:55  Drone  
  17  0:58  Drone  
  18  1:12  Spawning Pool  
  18  1:14  Drone  
  18  1:17  Drone  
  19  1:25  Extractor  
  18  1:28  Drone  
  19  1:38  Overlord  
  19  1:58  Zergling x2  
  19  1:59  Queen  
  19  2:00  Zergling x2  
  23  2:03  Queen  
  23  2:04  Zergling x2  
  26  2:10  Drone  
  27  2:17  Drone  
  27  2:21  Drone  
  29  2:24  Metabolic Boost  
  29  2:29  Drone  
  30  2:32  Drone  
  30  2:36  Drone  
  32  2:39  Queen  
  32  2:43  Overlord  
  34  2:47  Drone  
  35  2:59  Hatchery  
  35  3:01  Drone  
  35  3:04  Drone  
  35  3:05  Drone  
  37  3:08  Drone  
  37  3:10  Drone  
  38  3:13  Drone  
  38  3:15  Drone  
  38  3:17  Drone  
  41  3:20  Drone  
  41  3:27  Roach Warren  
  41  3:29  Drone  
  41  3:31  Extractor  
  41  3:34  Overlord  
  41  3:36  Drone  
  41  3:39  Drone  
  43  3:42  Zergling x2  
  43  3:44  Overlord  
  43  3:47  Overlord  
  44  3:54  Drone x3  
  47  4:02  Overlord  
  47  4:07  Roach x2  
  47  4:08  Roach  
  53  4:12  Roach  
  53  4:15  Roach  
  56  4:18  Lair  
  56  4:19  Extractor  
  56  4:24  Drone x4  
  58  4:26  Drone  
  58  4:29  Drone, Ravager  
  58  4:30  Ravager  
  63  4:32  Drone  
  63  4:34  Drone  
  63  4:36  Drone  
  66  4:40  Drone x3  
  66  4:43  Drone, Extractor  
  69  4:50  Ravager x2  
  71  5:02  Drone x9  
  78  5:16  Drone x5  
  78  5:22  Drone  
  78  5:23  Drone x2  
  80  5:28  Drone x2  
  80  5:31  Evolution Chamber  
  80  5:34  Evolution Chamber, Drone  
  78  5:36  Drone  
  78  5:37  Drone  
  78  5:38  Drone  
  78  5:42  Drone, Extractor  
  80  5:43  Extractor  
  80  5:46  Drone  
  80  5:47  Spore Crawler  
  79  5:50  Overlord  
  79  5:53  Overlord  
  77  5:57  Drone x4  
  77  6:03  Zerg Melee Weapons Level 1  
  81  6:06  Overlord  
  81  6:10  Drone x3  
  84  6:12  Drone  
  84  6:14  Glial Reconstitution  
  84  6:17  Drone  
  86  6:18  Drone  
  86  6:19  Drone  
  86  6:25  Infestation Pit  
  87  6:30  Zerg Ground Armor Level 1  
  87  6:34  Drone  
  87  6:35  Drone x5  
  87  6:38  Overlord  
  90  6:49  Roach x3  
  90  6:52  Roach x2  
  100  6:56  Queen  
  100  6:58  Hatchery  
  100  7:00  Roach  
  105  7:02  Hive  
  105  7:06  Roach x3  
  109  7:10  Spore Crawler  
  109  7:11  Roach x2  
  109  7:12  Roach  
  109  7:15  Roach  
  113  7:19  Spore Crawler  
  113  7:21  Spore Crawler  
  113  7:22  Roach  
  114  7:27  Overlord x4  
  112  7:30  Overlord  
  112  7:35  Overlord  
  110  7:39  Overlord  
  110  7:50  Hatchery, Pathogen Glands  
  109  7:55  Zergling x2  
  109  7:56  Zergling x8  
  109  7:57  Zergling x2  
  115  8:00  Zergling x4  
  117  8:09  Overlord  
  117  8:12  Drone x8  
  125  8:17  Zerg Melee Weapons Level 2  
  125  8:26  Zerg Ground Armor Level 2, Ultralisk Cavern  
  124  8:30  Extractor  
  124  8:32  Infestor x2, Extractor  
  124  8:33  Infestor  
  128  8:38  Adrenal Glands  
  129  8:41  Drone x2  
  129  8:42  Drone  
  129  8:43  Drone  
  129  8:57  Zergling x8  
  129  9:01  Overlord  
  131  9:13  Chitinous Plating  
  131  9:14  Ultralisk x3  
  149  9:20  Ultralisk  
  155  9:30  Zergling x2  
  155  9:31  Zergling x18  
  165  9:32  Spore Crawler  
  164  9:38  Spire  
  164  9:40  Zergling x10  
  168  9:52  Overlord x4  
  168  9:58  Ultralisk  
  174  10:01  Overseer  
  174  10:04  Overlord  
  174  10:07  Overlord x3  
  174  10:10  Overlord  
  174  10:15  Drone x5  
  174  10:19  Pneumatized Carapace  
  174  10:20  Drone x2  
  181  10:37  Hatchery  
  181  10:41  Zerg Melee Weapons Level 3  
  181  10:42  Zerg Ground Armor Level 3  
  180  10:50  Corruptor  
  180  10:51  Corruptor x3, Greater Spire  
  180  10:52  Corruptor  
  180  10:56  Corruptor  
  192  10:59  Corruptor  
  194  11:09  Corruptor x2  
  198  11:20  Extractor  
  198  11:24  Spire, Overseer  
  198  11:25  Extractor  
  186  11:44  Overseer x3  
  186  11:51  Zergling x26  
  198  12:02  Infestor  
  181  12:33  Brood Lord x8  
  181  12:34  Brood Lord  
  181  12:35  Infestor x3  
  178  12:42  Zergling x28  
  192  12:45  Zerg Flyer Weapons Level 1, Zerg Flyer Armor Level 1  
  192  12:49  Hatchery  
  190  12:55  Zergling x2  
  190  12:56  Zergling x10  
  190  12:57  Overlord  
  185  12:59  Corruptor  
  185  13:03  Corruptor  
  189  13:06  Corruptor  
  189  13:07  Corruptor x2  
  189  13:09  Corruptor  
  189  13:12  Corruptor  
  199  13:15  Overseer  
  199  13:18  Overseer  
  199  13:21  Hatchery  
  198  13:47  Zergling x18  
  188  13:52  Ultralisk x2  
  191  13:58  Corruptor  
  191  13:59  Corruptor x2  
  188  14:10  Infestor x2  
  180  14:18  Corruptor  
  180  14:19  Corruptor x3  
  184  14:30  Brood Lord x4  
  184  14:31  Corruptor  
  196  14:36  Zergling x2  
  196  14:37  Zergling x2  
  200  14:49  Corruptor x2  
  200  15:00  Overseer x2  
  200  15:03  Extractor  
Show
View Real Time Build Order
Export as new Build Order

LiquidBunny Terran 

Build Orders: Command Center First (CC), Liberator Opening, Bio Tank, MMM Bio 

Get SALT Encoding   

  12  0:00  SCV  
  13  0:13  SCV  
  14  0:17  Supply Depot  
  14  0:25  SCV  
  15  0:38  SCV  
  16  0:50  SCV  
  17  1:00  Command Center  
  17  1:03  SCV  
  18  1:14  Barracks  
  18  1:16  SCV  
  19  1:21  Refinery  
  19  1:27  Refinery  
  19  1:29  SCV  
  20  1:41  SCV  
  22  2:00  Orbital Command  
  21  2:01  Marine  
  21  2:08  Factory  
  22  2:11  Orbital Command  
  22  2:19  Barracks Reactor  
  22  2:23  Supply Depot  
  22  2:26  SCV  
  24  2:37  SCV  
  24  2:38  SCV  
  24  2:39  Refinery  
  25  2:49  SCV  
  25  2:51  SCV  
  27  2:52  Starport  
  27  3:01  SCV  
  27  3:03  SCV, Barracks Reactor  
  27  3:04  Hellion  
  31  3:08  Hellion  
  33  3:13  SCV  
  33  3:15  SCV  
  35  3:20  Supply Depot  
  35  3:25  SCV  
  35  3:26  Liberator x2  
  36  3:27  SCV  
  36  3:29  Hellion  
  36  3:30  Hellion  
  41  3:39  SCV  
  43  3:46  SCV  
  49  3:51  SCV  
  49  3:52  Barracks Tech Lab  
  50  4:00  SCV  
  51  4:03  SCV  
  52  4:10  Barracks x2  
  52  4:11  Factory Reactor  
  52  4:12  SCV  
  52  4:14  Marine  
  52  4:15  SCV  
  53  4:18  Stimpack  
  53  4:20  Liberator x2  
  53  4:23  Supply Depot  
  53  4:24  SCV  
  54  4:36  Supply Depot  
  54  4:38  SCV x2  
  62  4:45  Marine  
  63  4:50  SCV  
  64  4:53  SCV  
  64  4:58  Command Center  
  65  5:02  SCV  
  65  5:04  Liberator x2  
  65  5:05  SCV  
  65  5:06  Marine  
  68  5:12  Marine  
  68  5:13  Factory Tech Lab  
  69  5:14  SCV  
  69  5:17  SCV  
  69  5:20  Refinery  
  68  5:21  Supply Depot  
  68  5:25  Marine x2  
  68  5:26  SCV  
  77  5:29  SCV  
  73  5:35  Engineering Bay  
  73  5:38  SCV  
  73  5:39  Marine x2  
  73  5:41  Engineering Bay, Marine  
  73  5:43  Marine  
  73  5:45  Siege Tank  
  73  5:46  SCV  
  78  5:50  Marine  
  78  5:57  SCV, Marine x2  
  80  5:59  Marine  
  80  6:01  Marine  
  80  6:03  Terran Infantry Weapons Level 1  
  81  6:08  Medivac x2  
  81  6:10  Terran Infantry Armor Level 1  
  85  6:13  SCV  
  85  6:14  Marine  
  85  6:15  Marine  
  88  6:22  SCV  
  88  6:25  Marine  
  90  6:26  Siege Tank  
  90  6:27  SCV  
  90  6:29  Marine  
  92  6:33  Marine  
  92  6:34  Marine  
  92  6:35  SCV  
  92  6:36  Orbital Command  
  92  6:39  SCV  
  93  6:44  Marine x2  
  93  6:46  Supply Depot, Medivac x2  
  93  6:47  SCV  
  100  6:51  SCV  
  101  7:00  Armory  
  101  7:01  Refinery  
  101  7:02  Barracks x2  
  101  7:03  Refinery  
  101  7:07  SCV x2  
  101  7:08  SCV  
  104  7:09  Combat Shields  
  104  7:10  Marine x2  
  104  7:13  Marine  
  104  7:15  Marine  
  107  7:16  Marine  
  109  7:30  SCV, Marine  
  109  7:33  SCV  
  109  7:34  Marine  
  109  7:36  SCV, Siege Tank, Marine x3  
  108  7:42  SCV  
  109  7:48  Barracks Reactor  
  109  7:49  Supply Depot, Marine  
  109  7:50  Command Center, Barracks Reactor, SCV x2  
  109  8:08  Marine x2  
  109  8:09  Marine x3  
  109  8:10  Supply Depot x2, Medivac x2  
  109  8:11  Supply Depot, Siege Tank  
  116  8:14  Terran Infantry Weapons Level 2  
  116  8:16  Command Center  
  113  8:25  Marine  
  113  8:26  Marine x3  
  113  8:27  Marine x3  
  117  8:28  Marine x2  
  117  8:29  Supply Depot  
  117  8:30  Supply Depot  
  122  8:36  Terran Infantry Armor Level 2  
  122  8:38  Supply Depot  
  122  8:43  Marine x3  
  122  8:44  Barracks x2, Marine x4  
  122  8:46  Marine x2  
  122  8:47  Supply Depot  
  127  8:59  Siege Tank  
  127  9:01  Marine x3  
  127  9:02  Marine x2  
  134  9:14  Supply Depot  
  134  9:15  Factory, Marine  
  134  9:16  Marine  
  134  9:17  Ghost Academy, Marine x2  
  138  9:27  Planetary Fortress  
  137  9:34  Siege Tank  
  137  9:37  Barracks Tech Lab x2  
  139  9:40  Orbital Command  
  139  9:45  Command Center  
  139  9:47  Barracks Tech Lab x2  
  123  9:56  Ghost x3  
  129  10:06  Siege Tank, Ghost  
  134  10:09  Ghost  
  134  10:12  Factory Tech Lab  
  134  10:14  Marine x2  
  136  10:16  Marine x2  
  140  10:24  Ghost x2  
  140  10:28  Refinery  
  144  10:33  Refinery, Ghost  
  144  10:34  Ghost, Marine x2  
  150  10:37  Ghost  
  150  10:40  Medivac  
  157  10:53  Marine x2  
  157  10:54  Marauder, Marine x2  
  157  10:55  Sensor Tower  
  163  11:04  Terran Infantry Weapons Level 3  
  160  11:11  Terran Infantry Armor Level 3  
  160  11:14  Marine x2  
  160  11:15  Marine x2  
  160  11:16  Marine x5  
  160  11:18  Command Center  
  169  11:25  Command Center  
  169  11:26  Siege Tank  
  169  11:30  Siege Tank  
  169  11:32  Marine  
  175  11:33  Ghost  
  175  11:39  Ghost  
  164  11:51  Ghost  
  164  11:52  Ghost  
  168  11:58  Siege Tank  
  163  12:02  Personal Cloaking, Terran Vehicle Weapons Level 1  
  163  12:21  Ghost x2  
  163  12:22  Ghost x2  
  167  12:23  Marine  
  155  12:39  Viking  
  155  12:40  Viking  
  159  12:46  Marine x5  
  164  13:03  Planetary Fortress, Ghost  
  166  13:09  Planetary Fortress  
  166  13:12  Marine x2  
  166  13:13  Viking x2  
  172  13:20  Refinery  
  172  13:22  Starport  
  172  13:23  Refinery  
  172  13:27  Command Center  
  172  13:28  Marine x2  
  174  13:37  Sensor Tower  
  169  13:43  Viking x2  
  152  13:50  Ghost x2  
  152  13:54  Ghost  
  152  13:55  Ghost, Marine x3  
  112  14:20  Viking, Ghost  
  112  14:21  Marine x5  
  112  14:22  Marauder  
  115  14:27  Viking  
  115  14:28  Viking  
  121  14:45  Viking  

Tags
 
Add a new tag
Caveats
  • Supply blocks, unpowered buildings, or Contaminate may cause inaccurate times.
  • Supply counts are checked every 10 seconds.